Cogmind - Beta 14 @@@ ROGUE MODE // 2025.03.01 @ 07:49:58 Player: Im100%Black Result: Destroyed by YI-UF0 with YI-UF0's Doublenader Performance ------------- Evolutions (0) 0 Regions Visited (2) 400 Robots Destroyed (13) 65 Value Destroyed (331) 331 Prototype IDs (2) 40 Alien Tech Used (0) 0 Bonus (0) 0 TOTAL SCORE: 836 Bonus ------- None Cogmind --------- Core Integrity 0/250 Matter 190/300 Energy 100/100 System Corruption 0% Temperature Cool (0) Movement Core (250) Ox4 Location -10/Mines Parts ------- > --- POWER (1) -------- (None) > --- PROPULSION (2) --- (None) > --- UTILITY (2) ------ Medium Storage Unit Targeting Computer > --- WEAPON (2) ------- Light Cannon > --- INVENTORY (10) --- High-capacity Matter Pod (200) Experimental Sensor Array Core Shielding Hacking Suite Particle Gun Assault Rifle Grenade Launcher Peak State ------------ > --- POWER ------------ Light Nuclear Core > --- PROPULSION ------- Light Treads Light Treads > --- UTILITY ---------- Small Storage Unit Core Shielding > --- WEAPON ----------- Particle Gun Light Assault Rifle > --- INVENTORY -------- Light Ion Engine Aluminum Leg Aluminum Leg Heat Sink Medium Storage Unit Core Shielding Hacking Suite Small Laser [Rating: 11] Favorites ----------- Power Light Nuclear Core Engine Light Ion Engine Power Core Light Nuclear Core Propulsion Light Treads Treads Light Treads Wheel Wheel Utility Core Shielding Storage Medium Storage Unit Processor Targeting Computer Protection Core Shielding Weapon Light Assault Rifle Energy Gun Medium Laser Ballistic Gun Light Assault Rifle Ballistic Cannon Light Cannon Launcher Grenade Launcher Build | -11 -10 -10 ------- Run | Yrd Mat Min Slots Evolved . | . . . Power . | . . . Propulsion . | . . . Utility . | . . . Weapon . | . . . Parts Attached 23 | 5 12 6 Power 5 | 1 3 1 Engine 3 | 1 1 1 Core 2 | . 2 . Reactor . | . . . Propulsion 5 | 2 1 2 Treads 4 | 2 1 1 Leg . | . . . Wheel 1 | . . 1 Hover . | . . . Flight . | . . . Utility 6 | . 5 1 Device . | . . . Storage 2 | . 2 . Processor 1 | . . 1 Hackware . | . . . Protection 3 | . 3 . Artifact . | . . . Weapon 7 | 2 3 2 Energy Gun 2 | 1 1 . Energy Cannon . | . . . Ballistic Gun 3 | 1 2 . Ballistic Cannon 1 | . . 1 Launcher 1 | . . 1 Special Weapon . | . . . Impact Weapon . | . . . Slashing Weapon . | . . . Piercing Weapon . | . . . Special Melee Weapon . | . . . Unidentified Prototypes . | . . . Parts Lost 8 | . 1 7 Power 2 | . 1 1 Propulsion 4 | . . 4 Utility 1 | . . 1 Weapon 1 | . . 1 Highest Loss Streak 7 | . 1 7 To Critical Strikes . | . . . Average Slot Usage (%) 93 | . 92 96 Engine 5 | . 5 4 Core 8 | . 8 9 Treads 27 | . 28 25 Storage 9 | . 8 14 Protection 12 | . 12 12 Energy Gun 8 | . 10 . Ballistic Gun 19 | . 17 25 Peak Build Rating 11 | 5 11 10 Average Rating 8 | 3 8 9 On Entrance 5 | . 5 10 Naked Turns . | . . . Heaviest Build 21 | 6 21 21 Greatest Support 40 | 40 40 40 Greatest Overweight (x) . | . . . Average Overweight (x) . | . . . Largest Inventory Capacity 10 | 5 10 10 Average Capacity 7 | 5 7 10 Most Carried 10 | 5 10 10 Average Carried 6 | 2 6 9 Final Capacity 10 | 5 10 10 Final Carried 9 | 4 9 7 Class Distribution -------------------- 100% | Mutant Dominant Class ---------------- Mutant | -10/Materials Mutant | -10/Mines Resources | -11 -10 -10 ----------- Run | Yrd Mat Min Matter Collected 541 | 210 307 24 Remotely . | . . . Salvage Created 551 | . 523 28 Parts 28 | . 25 3 Haulers Intercepted 2 | . 2 . Recyclers Shooed 3 | . 1 2 Parts Field Recycled . | . . . Retrieved Matter . | . . . Parts Self-Destructed . | . . . Prevented . | . . . Kills | -11 -10 -10 ------- Run | Yrd Mat Min Combat Hostiles Destroyed 8 | . 8 . Guns 8 | . 8 . Classes Destroyed 5 | . 4 1 Tunneler 1 | . . 1 Hauler 2 | . 2 . Recycler 1 | . 1 . Operator 1 | . 1 . Grunt 8 | . 8 . Best Kill Streak 3 | . 3 1 Combat Bots Only 2 | . 2 . Max Kills in Single Turn 1 | . 1 1 Gunslinging . | . . . Exploded . | . . . Melee . | . . . Uniques/NPCs Destroyed . | . . . Combat | -11 -10 -10 -------- Run | Yrd Mat Min Hostile Shots Fired 97 | . 57 40 Missed 35 | . 21 14 Damage Taken 1355 | . 462 893 Core 252 | . 31 221 Absorbed by Shields . | . . . Redirected to Shielding 7 | . 7 . Core Remaining (%) 100 | 100 . . Volleys Fired 69 | . 54 15 Largest 2 | . 2 2 Hottest 85 | . 85 55 Shots Fired 134 | . 107 27 Gun 124 | . 107 17 Cannon 5 | . . 5 Launcher 5 | . . 5 Special . | . . . Kinetic 84 | . 62 22 Thermal 45 | . 45 . Explosive 5 | . . 5 Electromagnetic . | . . . Robot Hit Streak 14 | . 11 14 Robot Miss Streak 4 | . 4 2 Penetration Max . | . . . Secondary Targets . | . . . Shots Hit Robots 91 | . 68 23 Core Hits 34 | . 25 9 Critical Kills . | . . . Critical Parts Destroyed 1 | . 1 . Critical Strikes 5 | . 5 . Burn 4 | . 4 . Destroy 1 | . 1 . Melee Attacks . | . . . Impact . | . . . Slashing . | . . . Piercing . | . . . Sneak Attacks . | . . . Combat Hostiles . | . . . Follow-up Attacks . | . . . Damage Inflicted 1037 | . 730 307 Guns 857 | . 730 127 Cannons 71 | . . 71 Explosions 109 | . . 109 Melee . | . . . Ramming . | . . . Kinetic 555 | . 357 198 Thermal 373 | . 373 . Explosive 109 | . . 109 Electromagnetic . | . . . Impact . | . . . Slashing . | . . . Piercing . | . . . Highest Corruption . | . . . Average Corruption . | . . . Corruption Purged . | . . . Corruption Blocked . | . . . Overload Shots . | . . . Overflow Damage . | . . . Projectiles . | . . . Explosions . | . . . Melee . | . . . Knockbacks 2 | . . 2 Impact . | . . . Kinetic 2 | . . 2 Secondary . | . . . Self-Inflicted Damage . | . . . Shots . | . . . Rammed . | . . . Targets Rammed . | . . . Kicked . | . . . Crushed . | . . . Highest Temperature 267 | . 267 20 Average Temperature 72 | . 80 8 Received Heat Transfer 273 | . 273 . Siege Activations . | . . . Robots Corrupted . | . . . Combat Hostiles . | . . . Parts Fried . | . . . Impact Corruptions . | . . . Robots Melted . | . . . Combat Hostiles . | . . . Parts Melted 3 | . 3 . Heat Transferred 1332 | . 1332 . Parts Sabotaged . | . . . Parts Stolen . | . . . Parts Stripped . | . . . Power Chain Reactions . | . . . Alert | -11 -10 -10 ------- Run | Yrd Mat Min Peak Influence 275 | . 275 22 Initial 17 | . . 17 Average 54 | . 69 17 Maximum Alert Level 1 | . 1 . Low Security (%) 95 | 100 93 100 Level 1 4 | . 6 . Level 2 . | . . . Level 3 . | . . . Level 4 . | . . . Level 5 . | . . . High Security . | . . . Max Security . | . . . Squads Dispatched 3 | . 3 . Investigation 1 | . 1 . Extermination . | . . . Reinforcement 2 | . 2 . Assault . | . . . Garrison . | . . . Intercept . | . . . Searches Triggered . | . . . Construction Impeded . | . . . Haulers Reinforced . | . . . Active Scanning Responses . | . . . Cargo Convoy Interrupts . | . . . Stealth | -11 -10 -10 --------- Run | Yrd Mat Min Distress Signals . | . . . Communications Jammed . | . . . Distress Signals . | . . . Times Spotted 20 | . 19 1 Peak Tracking Total 6 | . 6 1 Tactical Retreats 3 | . 3 . Traps | -11 -10 -10 ------- Run | Yrd Mat Min Traps Triggered 1 | . 1 . Indirectly . | . . . Trap Hack Attempts . | . . . Triggered . | . . . Disarmed . | . . . Reprogrammed . | . . . Reused . | . . . Traps Extracted . | . . . Installed . | . . . Triggered . | . . . Machines | -11 -10 -10 ---------- Run | Yrd Mat Min Machines Disabled . | . . . Max in Single Turn . | . . . Machines Repaired . | . . . Machines Dismantled . | . . . Machines Sabotaged . | . . . Overloaded Fab Kills . | . . . Hacking | -11 -10 -10 --------- Run | Yrd Mat Min Machines Accessed 3 | . 3 . Terminals 3 | . 3 . Fabricators . | . . . Repair Stations . | . . . Recycling Units . | . . . Scanalyzers . | . . . Garrison Access . | . . . Total Hacks 4 | . 4 . Successful 3 | . 3 . Failed 1 | . 1 . Catastrophic 1 | . 1 . Database Lockouts . | . . . Manual . | . . . Terminals 4 | . 4 . Fabricators . | . . . Repair Stations . | . . . Recycling Units . | . . . Scanalyzers . | . . . Garrison Access . | . . . Terminal Hacks 3 | . 3 . Prototype ID Bank 1 | . 1 . Locate Traps 1 | . 1 . Zone Layout 1 | . 1 . Fabricator Hacks . | . . . Repair Station Hacks . | . . . Recycling Unit Hacks . | . . . Scanalyzer . | . . . Garrison Access Hacks . | . . . Unauthorized Hacks . | . . . Terminals . | . . . Fabricators . | . . . Repair Stations . | . . . Recycling Units . | . . . Scanalyzers . | . . . Garrison Access . | . . . Data Cores Recovered . | . . . Used . | . . . Hacking Detections 1 | . 1 . Full Trace Events . | . . . Feedback Events . | . . . Feedback Blocked . | . . . Robot Schematics Acquired . | . . . Robots Built . | . . . Authchips . | . . . Time . | . . . Total Robot Build Rating . | . . . Part Schematics Acquired . | . . . Parts Built . | . . . Authchips . | . . . Time . | . . . Total Part Build Rating . | . . . Parts Repaired . | . . . Time . | . . . Parts Recycled . | . . . Recycled Matter . | . . . Retrieved Matter . | . . . Retrieved Components . | . . . Parts Scanalyzed . | . . . Part Schematics Acquired . | . . . Parts Damaged . | . . . Bothacking | -11 -10 -10 ------------ Run | Yrd Mat Min Used RIF Installer . | . . . Robots Hacked . | . . . Non-combat . | . . . Combat . | . . . Robot Hacks Applied . | . . . Relay Couplers Released . | . . . Fabnet Peak Effective % . | . . . Robots Rewired . | . . . Allies Hacked . | . . . Hacks Repelled . | . . . Allies | -11 -10 -10 -------- Run | Yrd Mat Min Total Allies . | . . . Largest Group . | . . . Highest-Rated Group . | . . . Highest-Rated Ally . | . . . Total Orders . | . . . Ally Attacks . | . . . Total Damage . | . . . Kills . | . . . Allies Corrupted . | . . . Allies Melted . | . . . Intel | -11 -10 -10 ------- Run | Yrd Mat Min Robot Analysis Total . | . . . Derelict Logs Recovered 1 | . . 1 Drone Launches . | . . . Drone Recoveries . | . . . Exploration | -11 -10 -10 ------------- Run | Yrd Mat Min Turns Passed 1215 | 89 899 227 Spaces Moved 569 | 55 407 107 Core 9 | 9 . . Treads 560 | 46 407 107 Legs . | . . . Wheels . | . . . Hover . | . . . Flight . | . . . Fastest Speed 50 | 50 160 160 Average Speed 158 | 142 160 160 Slowest Speed 160 | 160 160 160 Overloaded Moves . | . . . Propulsion Burnouts . | . . . Robots Hopped . | . . . Cave-ins Triggered . | . . . Exploration Rate (%) 33 | 5 56 38 Regions Visited 2 Branch Regions 1 Pre-discovered Areas . | . . . Known Exits Taken . | . . . Unknown Exits Taken 2 | 1 1 . Scrap Searched 3 | . . 3 Spaces Dug . | . . . Terrain Destroyed 16 | . . 16 Melee . | . . . Projectile . | . . . AOE 16 | . . 16 Terrain Rammed . | . . . Walls Destroyed . | . . . Machines Disabled . | . . . Actions | -11 -10 -10 --------- Run | Yrd Mat Min Total 762 | 64 559 139 Wait 68 | . 66 2 Move 567 | 54 406 107 Hop . | . . . Pick Up 21 | 5 11 5 Fast Attach 6 | 4 2 . Attach 7 | 1 3 3 Detach 1 | . 1 . Swap 10 | . 7 3 Drop 13 | . 9 4 Fire 69 | . 54 15 Melee . | . . . Ram . | . . . Kick . | . . . Crush . | . . . Escape Stasis . | . . . Rewire . | . . . Trap . | . . . Miscellaneous . | . . . Route ------- -11/Scrapyard -10/Materials (discovered 4 exits: [*Mat x3] / [*Min]) -10/Mines History --------- Turn | Location | Event 17 | -11/Scrapyard | Discovered new exit (range 15) 90 | -11/Scrapyard | Entered Materials 292 | -10/Materials | Discovered new exit (range 4) 312 | -10/Materials | Build established: Mutant 588 | -10/Materials | Discovered new exit (range 10) 803 | -10/Materials | Discovered new exit (range 16) 930 | -10/Materials | Discovered new exit (range 16) 989 | -10/Materials | Entered Mines 1122 | -10/Mines | Learned Materials terminal intel 1146 | -10/Mines | Found a damaged Exp. Sensor Array with a note attached 1151 | -10/Mines | Found Prototype Device 1195 | -10/Mines | Core integrity fell below 50% 1211 | -10/Mines | Core integrity fell below 20% 1216 | -10/Mines | Destroyed by YI-UF0 with YI-UF0's Doublenader Last Messages --------------- 01188_ The unstable cave ceiling collapses. 01188_ Wheel destroyed. 01189_ K-01 Serf collects debris. 01196_ The unstable cave ceiling collapses. 01202_ YI-UF0 mumbles something. 01202_ The unstable cave ceiling collapses. 01203_ K-01 Serf collects debris. 01205_ YI-UF0 knocked back. 01206_ The unstable cave ceiling collapses. 01207_ K-01 Serf collects debris. 01208_ Lgt. Assault Rifle destroyed. 01208_ Lgt. Treads destroyed. 01209_ The unstable cave ceiling collapses. 01212_ YI-UF0 mumbles something. 01213_ The unstable cave ceiling collapses. 01213_ YI-UF0 knocked back. 01214_ The unstable cave ceiling collapses. 01214_ Lgt. Ion Engine destroyed. 01216_ The unstable cave ceiling collapses. 01216_ K-01 Serf collects debris. Map ----- +----------------------------------------------------+ | ?????????????????????????????????## = #? | | ?????????????????????????????????# * ####### #? | | ?????????????????????????????????# |% #?????# #? | | ?????????????????????????????????## ##?????# #? | | ??????????????????????????????????# ###??????# #? | | ??????????????????????????????? ??# ?????????# #? | | ????????????????????????????? ## ?????????# #? | | ?????????????????????????? # ?????????# #? | | ?????????????????????????? ????????## ## | | ??????????????????????????# ???????## # | | ???????????????????????##?# ??????## | | ????????????????????? ## ??????## | | ?????????????????? # # ?????## # | | ???????????????? ?k % ##????## # | | ????????????????? ? #????### ## | | ????????????????? ? g % ##??## #####? | | ?????????????????? ## #### * ##????? | | ??????????????????? # ### ## #?????? | | ???????????????????# ## ## ##?????? | | ???????????????????? ## ###??????? | | ????????????????????# ?# ##????????? | | ???????????????????## #### ### #?????????? | | ??????????????????## ### #?## ##?????????? | | ???????????# ### ^ ## #??###??????????? | | ?????????? #???????????????? | | ?????????? ^ @ #???????????????? | | ?????????????# ###???????????????? | | ?????????????####### #?????????????????? | | ???????????????????## ## #?????????????????? | | ????????????????????## # #?????????????????? | | | | | | | | | | | | | | | | | | | | | | | | | | | | | | | | | | | | | | | | | +----------------------------------------------------+ Best States ------------- Heat Dissipation 25 Energy Generation 14 Energy Capacity 160 Matter Stores 300 Matter Capacity 300 Sight Range 16 Terrain Scan Density 10 Armor Coverage 150 Core Shielding 20 Evasion (%) 40 Targeting Accuracy 5 Recoil Reduction 2 Item Schematics ----------------- None Robot Schematics ------------------ None Fabricated ------------ Nothing Alien Tech Used ----------------- None Achievements -------------- None Challenges ------------ None Game ------ Seed LightColdWings Manual? 0 Play Time 00:28:03 Cumulative 3.8 hours Start 2025.02.28 @ 19:53:35 End 2025.03.01 @ 07:49:58 Sessions 3 Manual Loads 0 Difficulty Rogue Special Mode None Game No. 7 Rogue 7 Adventurer 0 Explorer 0 Win Type - Total 0 Types 0/0/0/0/0/0/0/0/0 Lore% 8 Gallery% 11 Achievement% 12 Wizard Run 0 Options --------- Layout 1 ASCII 0 Keyboard 1 Movement Arrows Keybinds 0 Fullscreen 1 Font 24/Smallcaps Map View 50x35 Zoom Use 0% Tactical HUD 1 Map Filters NONE Filters NONE Steam 1 RUN: 1fae7fcc-649a-45c7-bc39-6fb22b28d2d1